 Dungeon Crawl Stone Soup version 0.21-a0-529-g8c7b3f5 (webtiles) character file.

7 slep the Chopper (level 2, -1/15 HPs)
             Began as a Vine Stalker Gladiator on Dec 10, 2017.
             Slain by a hobgoblin (3 damage)
             ... on level 1 of the Dungeon.
             The game lasted 00:00:24 (170 turns).

slep the Chopper (Vine Stalker Gladiator)            Turns: 170, Time: 00:00:24

Health: -1/15      AC:  4    Str: 16    XL:     2   Next: 4%
Magic:  0/3        EV: 12    Int:  8    God:
Gold:   15         SH:  0    Dex: 15    Spells: 1/1 levels left

rFire    . . .     SeeInvis .   a - +0 war axe
rCold    . . .     Gourm    .   (no shield)
rNeg     . . .     Faith    .   b - +0 leather armour
rPois    .         Spirit   +   c - +0 helmet
rElec    .         Reflect  .   (no cloak)
rCorr    .         Harm     .   (no gloves)
MR       .....                  (no boots)
Stlth    +.........             (no amulet)
HPRegen  0.05/turn              (no ring)
MPRegen  0.08/turn              (no ring)

@: no status effects
A: fangs 2, magic shield, antimagic bite, no potion heal 3, rot immunity
a: no special abilities


You were on level 1 of the Dungeon.
You were not hungry.

You visited 1 branch of the dungeon, and saw 1 of its levels.

You collected 15 gold pieces.

Inventory:

Hand Weapons
 a - a +0 war axe (weapon)
Missiles
 d - 3 throwing nets (quivered)
Armour
 b - a +0 leather armour (worn)
 c - a +0 helmet (worn)
Scrolls
 e - a scroll of amnesia {unknown}
 g - a scroll of noise {unknown}
Potions
 h - a potion of haste {unknown}
Comestibles
 f - a bread ration


   Skills:
 + Level 1.7 Fighting
 + Level 2.9 Axes
 + Level 2.0 Throwing
 + Level 2.5 Dodging


You had one spell level left.
You didn't know any spells.

Dungeon Overview and Level Annotations

Branches:
Dungeon (1/15)

Altars:


Innate Abilities, Weirdness & Mutations

You have extremely sharp teeth.
When hurt, damage is shared between your health and your magic reserves.
Your bite disrupts and absorbs the magic of your enemies.
Potions cannot restore your health.
You are immune to rotting.


Message History

Found 25 stones.
You see here 25 stones.
You see here a jackal corpse.
A kobold comes into view. It is wielding a dagger.
A hobgoblin comes into view.
Found a scroll labeled QABIOXOVOQ.
The kobold shouts!
The kobold throws a stone.
The stone hits you but does no damage.
You see here a stone.
Found a pair of gloves.
You closely miss the kobold. You hit the hobgoblin.
The kobold hits you but does no damage. The hobgoblin hits you.
You hit the kobold but do no damage. Your bite misses the kobold.
You barely miss the hobgoblin. The kobold barely misses you.
The hobgoblin closely misses you. The kobold hits you with a dagger.
You closely miss the kobold. You bite the kobold, but do no damage.
You barely miss the hobgoblin. The hobgoblin hits you.
* * * LOW HITPOINT WARNING * * *
The kobold misses you. The hobgoblin hits you.
You die...

#########
######.......#
.......#####.#
.............#
###########..#
#### #..# #.. #
#..# #.###.###
#..###.g.?...[
######...(.@K...#
#............####
#.############
#.# #.# ##.##
##...##
####.###.###
#....# #...#


You could see a hobgoblin and a kobold.

Vanquished Creatures
  A leopard gecko (D:1)
  4 jackals (D:1)
5 creatures vanquished.

Notes
Turn   | Place    | Note
-------+----------+-------------------------------------------
     0 | D:1      | slep the Vine Stalker Gladiator began the quest for the Orb.
     0 | D:1      | Reached XP level 1. HP: 11/11 MP: 2/2
   113 | D:1      | Reached XP level 2. HP: 6/15 MP: 1/3
   170 | D:1      | Slain by a hobgoblin

Vault maps used:
D:1:      evilmike_arrival_rings

Skill      XL: |  1 |
---------------+----+-----
Throwing       | 2 |  2.0
Fighting       | |  1.7
Axes           | |  2.9
Dodging        | |  2.5

Action                   || total
-------------------------++-------
Melee: War axe           ||    25
       Bite              ||     3
Armor: Leather armour    ||     6
Dodge: Dodged            ||    25

Table legend:
 A = Spawn XP
 B = Non-spawn XP
 C = Spawn XP percentage of total XP
 D = Spawn monster count
 E = Non-spawn monster count
 F = Spawn count percentage of total count
 G = Total turns spent on level
                    A         B        C        D         E        F      G
               +---------+---------+-------+---------+---------+-------+---------
         Total |       0 |      11 |   0.0 |       0 |       5 |   0.0 |   170
               +---------+---------+-------+---------+---------+-------+---------
           D:1 |       0 |      11 |   0.0 |       0 |       5 |   0.0 |   170
               +---------+---------+-------+---------+---------+-------+---------
